 Dungeon Crawl Stone Soup version 0.28.0-49-g6dfe1f597d (webtiles) character file.

Game seed: 16252189145183420000

16 nickcage the Cudgeller (level 2, 0/25 HPs)
             Began as a Minotaur Gladiator on May 17, 2022.
             Slain by a frilled lizard (3 damage)
             ... on level 1 of the Dungeon.
             The game lasted 00:00:47 (322 turns).

nickcage the Cudgeller (Minotaur Gladiator)          Turns: 322, Time: 00:00:47

Health: 0/25       AC:  3    Str: 18    XL:     2   Next: 37%
Magic:  1/1        EV: 12    Int:  5    God:
Gold:   0          SH:  0    Dex: 11    Spells: 1/1 levels left

rFire   . . .      SeeInvis .   a - +0 flail
rCold   . . .      Faith    .   (no shield)
rNeg    . . .      Spirit   .   b - +0 leather armour
rPois   .          Reflect  .   c - +0 hat
rElec   .          Harm     .   (no cloak)
rCorr   .          Rampage  .   (no gloves)
Will    .....                   (no boots)
Stlth   +.........              (no amulet)
HPRegen 0.08/turn               (no ring)
MPRegen 0.07/turn               (no ring)

@: no status effects
A: horns 2, retaliatory headbutt
a: no special abilities


You were on level 1 of the Dungeon.
You visited 1 branch of the dungeon, and saw 2 of its levels.

Inventory:

Hand Weapons
 a - a +0 flail (weapon)
Missiles
 d - 3 throwing nets (quivered)
Armour
 b - a +0 leather armour (worn)
 c - a +0 hat (worn)
Scrolls
 e - a scroll of enchant weapon {unknown}


   Skills:
 - Level 2.4 Fighting
 + Level 4.6 Maces & Flails
 - Level 2.0 Throwing
 - Level 3.2 Dodging


You had one spell level left.
You didn't know any spells.
Your spell library was empty.

Dungeon Overview and Level Annotations

Branches:
Dungeon (2/15)

Altars:

Shops:
D:1 [


Innate Abilities, Weirdness & Mutations

You have a pair of horns on your head.
You reflexively headbutt those who attack you in melee.


Message History

The ball python closely misses you.
The ball python bites you but does no damage.
The ball python barely misses you. The ball python misses you.
The ball python grabs you. The ball python constricts you.
You escape the ball python's grasp.
You barely miss the frilled lizard.
Your headbutt misses the frilled lizard.
The frilled lizard barely misses you. You furiously retaliate!
You headbutt the frilled lizard. You barely miss the frilled lizard.
The frilled lizard is heavily wounded.
The frilled lizard barely misses you.
You hit the frilled lizard.
You kill the frilled lizard!
The ball python bites you. The ball python grabs you.
The ball python constricts you.
You sock the ball python!
You kill the ball python!
The hobgoblin closely misses you.
You hit the rat.
You kill the rat!
The hobgoblin closely misses you. The hobgoblin barely misses you.
You closely miss the goblin. The goblin hits you with a +0 dagger.
The hobgoblin hits you from afar with a +0 spear!
You thump the goblin!
You kill the goblin!
The hobgoblin hits you from afar with a +0 spear.
You are too injured to fight recklessly!
You are too injured to fight recklessly!
You are too injured to fight recklessly!
You closely miss the frilled lizard.
The hobgoblin hits you from afar with a +0 spear.
* * * LOW HITPOINT WARNING * * *
The frilled lizard bites you.
* * * LOW HITPOINT WARNING * * *
You hit the frilled lizard.
The frilled lizard is heavily wounded.
The hobgoblin misses you. The frilled lizard bites you.
You die...

#......####.....#..).# #.....#
#.........#(..#.#....# #####.#
.........#..........# #.#
#..#........#......# #.# #
###..#........##.....########.#
................##..##.##....†..#
... #...†..###gg#..............#
....##......# ##l##..#.#.......##
......∩...### #@###.#.#.......##
...###..g.# #.....#.#.......##
....†.....# ####....#.......##
##........# #..............
#........# #....#^......##
#....)....# .....#.##.....#
......##### ....>......##.#
##.)... ................ :.....#
..#............#


You could see 2 hobgoblins and a frilled lizard.

Vanquished Creatures
  3 ball pythons (D:1)
  2 giant cockroaches (D:1)
  A hobgoblin (D:1)
  A quokka (D:1)
  A bat (D:1)
  2 frilled lizards (D:1)
  2 goblins (D:1)
  3 rats (D:1)
15 creatures vanquished.

Notes
Turn   | Place    | Note
-------+----------+-------------------------------------------
     0 | D:1      | nickcage the Minotaur Gladiator began the quest for the
                  | Orb.
     0 | D:1      | Reached XP level 1. HP: 18/18 MP: 0/0
    93 | D:1      | Reached skill level 4 in Maces & Flails
   189 | D:1      | You fall into a shaft and drop 1 floor!
   270 | D:1      | Reached XP level 2. HP: 25/25 MP: 1/1
   284 | D:1      | Found Ocigut's Antique Armour Shop.
   322 | D:1      | Slain by a frilled lizard

Illustrated notes

Levels and vault maps discovered:
D:1:      onia_arrival_pentagram, layout_basic, ebering_ecumenical_altar_ruins,
          serial_shops, shop, minmay_pentomino_o2
D:2:      layout_basic, uniq_robin

Skill      XL: |  1 |
---------------+----+-----
Maces & Flails | 4 |  4.6
Fighting       | |  2.4
Throwing       | |  2.0
Dodging        | |  3.2

Action                   || total
-------------------------++-------
Melee: Flail             ||    29
       Headbutt          ||     2
Armor: Leather armour    ||     8
Dodge: Dodged            ||    25
